 Dungeon Crawl Stone Soup version 0.28.0-43-g3370ac3207 (webtiles) character file.

Game seed: 16343354446714133134

617 Ablot the Grasshopper (level 7, -1/56 HPs)
             Began as a Gnoll Warper on Mar 5, 2022.
             Slain by a sky beast (5 damage)
             ... on level 5 of the Dungeon.
             The game lasted 00:07:08 (5872 turns).

Ablot the Grasshopper (Gnoll Warper)                Turns: 5872, Time: 00:07:09

Health: -1/56      AC:  3    Str: 13    XL:     7   Next: 45%
Magic:  15/15      EV: 13    Int: 12    God:
Gold:   92         SH:  0    Dex: 11    Spells: 15/17 levels left

rFire   . . .      SeeInvis .   m - +3 rapier
rCold   . . .      Faith    .   (no shield)
rNeg    + . .      Spirit   .   t - +0 robe {rN+}
rPois   .          Reflect  .   (no helmet)
rElec   .          Harm     .   b - +0 cloak
rCorr   .          Rampage  .   (no gloves)
Will    .....                   (no boots)
Stlth   ++........              (no amulet)
HPRegen 0.18/turn               (no ring)
MPRegen 0.14/turn               (no ring)

@: no status effects
A: fangs 1, strong nose, distributed training
a: no special abilities


You were on level 5 of the Dungeon.
You visited 1 branch of the dungeon, and saw 5 of its levels.

You collected 92 gold pieces.

Inventory:

Hand Weapons
 a - a +0 spear
 m - a +3 rapier (weapon)
 y - a +0 hand crossbow
 z - a +2 short sword of electrocution
Missiles
 d - 5 boomerangs of dispersal
 g - 8 poisoned darts (quivered)
 h - 131 stones
 i - 17 sling bullets
 p - 4 boomerangs
 q - 3 javelins
 u - 29 arrows
 w - 26 bolts
Armour
 b - a +0 cloak (worn)
 t - a +0 robe of positive energy (worn)
Wands
 r - a wand of iceblast (8)
Scrolls
 c - 2 scrolls of blinking
 e - a scroll of fog {unknown}
 f - 2 scrolls of holy word {unknown}
 j - 6 scrolls of identify {unknown}
 l - a scroll of magic mapping {unknown}
 o - 2 scrolls of amnesia {unknown}
 v - a scroll of summoning {unknown}
 x - 2 scrolls of teleportation {unknown}
Potions
 k - a potion of heal wounds {unknown}
 n - 3 potions of curing {unknown}
 s - a potion of lignification {unknown}
 A - a potion of mutation {unknown}
 B - a potion of cancellation {unknown}


   Skills:
 + Level 5.2 Fighting
 + Level 2.5 Short Blades
 + Level 2.5 Long Blades
 + Level 2.5 Axes
 + Level 2.5 Maces & Flails
 + Level 5.2 Polearms
 + Level 2.5 Staves
 + Level 2.5 Slings
 + Level 2.5 Bows
 + Level 2.5 Crossbows
 + Level 3.6 Throwing
 + Level 3.6 Armour
 + Level 5.2 Dodging
 + Level 2.5 Stealth
 + Level 2.5 Shields
 + Level 2.5 Unarmed Combat
 + Level 5.6 Spellcasting
 + Level 2.0 Conjurations
 + Level 2.0 Hexes
 + Level 2.0 Summonings
 + Level 2.0 Necromancy
 + Level 5.8 Translocations
 + Level 2.0 Transmutations
 + Level 2.0 Fire Magic
 + Level 2.0 Ice Magic
 + Level 2.0 Air Magic
 + Level 2.0 Earth Magic
 + Level 2.0 Poison Magic
 + Level 2.7 Invocations
 + Level 2.5 Evocations


You had 15 spell levels left.
You knew the following spells:

 Your Spells              Type           Power      Damage    Failure   Level
a - Blink                 Tloc           34%        N/A       2%          2

Your spell library contained the following spells:

 Spells                   Type           Power      Damage    Failure   Level
 Gell's Gravitas          Tloc           17%        N/A       4%          3
 Lesser Beckoning         Tloc           17%        N/A       4%          3
 Teleport Other           Tloc           17%        N/A       4%          3
 Manifold Assault         Tloc           17%        N/A       43%         5


Dungeon Overview and Level Annotations

Branches:
Dungeon (5/15)
 Temple: D:4-7

Altars:
Zin

Shops:
D:1 [

Annotations:
D:3 2 transporters, Jerry's ghost, amateur TrHu


Innate Abilities, Weirdness & Mutations

You have very sharp teeth.
Your uncanny sense of smell can sniff out nearby items.
Your experience applies equally to all skills.


Message History

The centaur skeleton barely misses you.
The centaur skeleton kicks you but does no damage.
The sky beast hits you. The sky beast shocks you.
The centaur skeleton closely misses you. x2
You barely miss the sky beast.
The sky beast is heavily wounded.
The centaur skeleton barely misses you. The centaur skeleton kicks you.
The sky beast barely misses you.
You completely miss the sky beast.
The sky beast is heavily wounded.
The centaur skeleton closely misses you.
The centaur skeleton kicks you. The sky beast hits you.
The sky beast shocks you.
You barely miss the sky beast. Your punch misses the sky beast.
The sky beast is heavily wounded.
The centaur skeleton hits you.
The centaur skeleton closely misses you.
The sky beast hits you.
* * * LOW HITPOINT WARNING * * *
The sky beast shocks you.
* * * LOW HITPOINT WARNING * * *
The centaur skeleton hits you.
* * * LOW HITPOINT WARNING * * *
The centaur skeleton kicks you.
* * * LOW HITPOINT WARNING * * *
You miss the sky beast.
The sky beast is heavily wounded.
The sky beast barely misses you.
The centaur skeleton closely misses you.
The centaur skeleton kicks you.
* * * LOW HITPOINT WARNING * * *
You miss the sky beast.
You bite the sky beast, but do no damage.
The sky beast is heavily wounded.
The centaur skeleton hits you.
* * * LOW HITPOINT WARNING * * *
The centaur skeleton misses you. The sky beast hits you.
* * * LOW HITPOINT WARNING * * *
The sky beast shocks you.
You die...

... #.#######..
###.##......##
#.......##...## ##
#.............#.
..#######...............
...............$...$...#
.##..#####......Z......#
.###.# #.#....@Y....#
.###.# #..##.>.##...##
...#.####.#.....# ###
.......#..)..###..
............. .∆.
.#.........#. ...
.#......#.#.. ....
..........#. .....
.#......#...


You could see a sky beast and a centaur skeleton.

Vanquished Creatures
  A black bear (D:4)
  A phantom (D:5)
  A bullfrog (D:4)
  A scorpion (D:5)
  2 hounds (D:4)
  An orc priest (D:3)
  Ijyb (D:3)
  An iguana (D:5)
  2 orc wizards (D:4)
  A gnoll (D:1)
  4 adders
  An adder skeleton (D:4)
  A worm (D:3)
  15 orcs
  11 ball pythons
  3 bats
  An endoplasm (D:3)
  3 giant cockroaches
  10 goblins
  7 hobgoblins
  9 kobolds
  3 quokkas
  3 frilled lizards
  5 rats
88 creatures vanquished.

Vanquished Creatures (others)
  30 plants (D:3)
30 creatures vanquished.

Grand Total: 118 creatures vanquished

Notes
Turn   | Place    | Note
-------+----------+-------------------------------------------
     0 | D:1      | Ablot the Gnoll Warper began the quest for the Orb.
     0 | D:1      | Reached XP level 1. HP: 20/20 MP: 6/6
    46 | D:1      | Reached XP level 2. HP: 15/26 MP: 7/7
    49 | D:1      | Learned a level 2 spell: Blink
   488 | D:1      | Found a faded altar of an unknown god.
   520 | D:1      | Reached XP level 3. HP: 31/31 MP: 9/9
   537 | D:1      | Reached skill level 5 in Spellcasting
   743 | D:1      | Found Ymemorerau's Antique Armour Emporium.
  1209 | D:2      | Reached skill level 1 in Invocations
  1473 | D:2      | Found a glowing silver altar of Zin.
  1499 | D:2      | Reached skill level 1 in Short Blades
  1499 | D:2      | Reached skill level 1 in Long Blades
  1499 | D:2      | Reached skill level 1 in Axes
  1499 | D:2      | Reached skill level 1 in Maces & Flails
  1499 | D:2      | Reached skill level 1 in Staves
  1499 | D:2      | Reached skill level 1 in Slings
  1499 | D:2      | Reached skill level 1 in Bows
  1499 | D:2      | Reached skill level 1 in Crossbows
  1499 | D:2      | Reached skill level 1 in Stealth
  1499 | D:2      | Reached skill level 1 in Shields
  1499 | D:2      | Reached skill level 1 in Unarmed Combat
  1499 | D:2      | Reached skill level 1 in Evocations
  1499 | D:2      | Reached XP level 4. HP: 29/38 MP: 11/11
  2489 | D:3      | Noticed Jerry's ghost (amateur TrHu)
  2489 | D:3      | Noticed a scorpion
  2638 | D:3      | Noticed Ijyb
  2652 | D:3      | Killed Ijyb
  2653 | D:3      | Reached skill level 1 in Conjurations
  2653 | D:3      | Reached skill level 1 in Hexes
  2653 | D:3      | Reached skill level 1 in Summonings
  2653 | D:3      | Reached skill level 1 in Necromancy
  2653 | D:3      | Reached skill level 1 in Transmutations
  2653 | D:3      | Reached skill level 1 in Fire Magic
  2653 | D:3      | Reached skill level 1 in Ice Magic
  2653 | D:3      | Reached skill level 1 in Air Magic
  2653 | D:3      | Reached skill level 1 in Earth Magic
  2653 | D:3      | Reached skill level 1 in Poison Magic
  2658 | D:2      | HP: 1/38 [goblin/+0 club (3)]
  2971 | D:3      | Reached XP level 5. HP: 19/43 MP: 12/12
  3225 | D:3      | Found a transporter.
  3228 | D:3      | Found a transporter.
  3828 | D:4      | Noticed a black bear
  3838 | D:4      | Killed a black bear
  3839 | D:4      | Reached XP level 6. HP: 15/50 MP: 14/14
  4095 | D:4      | Reached skill level 5 in Fighting
  4095 | D:4      | Reached skill level 5 in Polearms
  4095 | D:4      | Reached skill level 5 in Dodging
  4540 | D:4      | HP: 1/51 [orc wizard/+0 dagger (4)]
  5073 | D:4      | Reached XP level 7. HP: 11/56 MP: 15/15
  5512 | D:5      | Entered Level 5 of the Dungeon
  5872 | D:5      | Slain by a sky beast

Illustrated notes

Levels and vault maps discovered:
D:1:      nzn_arrival_depleted_hourglass, layout_loops_ring, serial_shops,
          nicolae_shop_behind_doors, chequers_ecumenical_altar_twisty,
          chequers_arboretum
D:2:      layout_basic, basic_altar
D:3:      layout_basic, gammafunk_ghost_arena, serial_bayou_lagoon_a,
          kennysheep_another_room, uniq_ijyb
D:4:      layout_basic, hex_medium
D:5:      layout_rooms, supply_closet_lemuel, item_on_display_a, uniq_duvessa,
          uniq_blork_the_orc

Skill      XL: |  1  2  3  4  5  6  7 |
---------------+----------------------+-----
Spellcasting   | 5 |  5.6
Invocations    | 1 2 |  2.7
Short Blades   | 1 2 |  2.5
Long Blades    | 1 2 |  2.5
Axes           | 1 2 |  2.5
Maces & Flails | 1 2 |  2.5
Staves         | 1 2 |  2.5
Slings         | 1 2 |  2.5
Bows           | 1 2 |  2.5
Crossbows      | 1 2 |  2.5
Stealth        | 1 2 |  2.5
Shields        | 1 2 |  2.5
Unarmed Combat | 1 2 |  2.5
Evocations     | 1 2 |  2.5
Conjurations   | 1 2 |  2.0
Hexes          | 1 2 |  2.0
Summonings     | 1 2 |  2.0
Necromancy     | 1 2 |  2.0
Transmutations | 1 2 |  2.0
Fire Magic     | 1 2 |  2.0
Ice Magic      | 1 2 |  2.0
Air Magic      | 1 2 |  2.0
Earth Magic    | 1 2 |  2.0
Poison Magic   | 1 2 |  2.0
Throwing       | 3 |  3.6
Armour         | 3 |  3.6
Fighting       | 5 |  5.2
Polearms       | 5 |  5.2
Dodging        | 5 |  5.2
Translocations | |  5.8

Action                   |  1- 3 |  4- 6 |  7- 9 || total
-------------------------+-------+-------+-------++-------
Melee: Spear             |   109 |       |       ||   109
       Bite              |    10 |    15 |     6 ||    31
       Punch             |     1 |     3 |     2 ||     6
       Rapier            |       |   191 |     9 ||   200
       Short sword       |       |    15 |    32 ||    47
 Cast: Blink             |       |     1 |       ||     1
 Stab: Sleeping          |     2 |     2 |       ||     4
Armor: Leather armour    |    24 |    27 |       ||    51
       Robe              |       |    11 |     9 ||    20
Dodge: Dodged            |    46 |   161 |    38 ||   245
